 Dungeon Crawl Stone Soup version 0.20-a0-453-g91466d2 (webtiles) character file.

107 Kriby the Magician (level 4, -4/30 HPs)
             Began as a Mummy Fire Elementalist on Jan 8, 2017.
             Slain by a bullfrog (8 damage)
             ... on level 2 of the Dungeon.
             The game lasted 00:02:27 (2529 turns).

Kriby the Magician (Mummy Fire Elementalist)        Turns: 2529, Time: 00:02:28

Health: -4/30      AC:  4    Str: 11    XL:     4   Next: 57%
Magic:  8/12       EV: 12    Int: 15    God:
Gold:   90         SH:  0    Dex: 12    Spells: 11/15 levels left

rFire  x . .     SeeInvis .     i - +3 dagger
rCold  + . .     Gourm    .     j - +2 robe
rNeg   + + +     Faith    .     (no shield)
rPois  ∞         Spirit   .     (no helmet)
rElec  .         Reflect  .     (no cloak)
rCorr  .         Harm     .     (no gloves)
MR     .....                    (no boots)
Stlth  ++........               (no amulet)
                                (no ring)
                                (no ring)

@: no status effects
A: no food or potions, fire vulnerability, cold resistance 1, negative energy
resistance 3, torment resistance, unbreathing
a: no special abilities


You were on level 2 of the Dungeon.
You were not hungry.

You visited 1 branch of the dungeon, and saw 3 of its levels.

You collected 90 gold pieces.

Inventory:

Hand Weapons
 i - a +3 dagger (weapon)
Armour
 j - a +2 robe (worn)
Scrolls
 c - a scroll of remove curse {unknown}
 e - 3 scrolls of identify {unknown}
 f - a scroll of enchant weapon {unknown}
 g - a scroll of teleportation {unknown}
 h - a scroll of fog {unknown}
Books
 b - a book of Flames

   Spells                             Type                      Level
   a - Flame Tongue                   Conjuration/Fire             1
   b - Throw Flame                    Conjuration/Fire             2
   c - Conjure Flame                  Conjuration/Fire             3
   d - Inner Flame                    Hexes/Fire                   3
   e - Sticky Flame                   Conjuration/Fire             4
   f - Fireball                       Conjuration/Fire             5


   Skills:
 - Level 1.5 Dodging
 - Level 1.5 Stealth
 * Level 6.0 Spellcasting
 - Level 0.7 Conjurations
 - Level 2.4 Fire Magic


You had 11 spell levels left.
You knew the following spells:

 Your Spells              Type           Power        Failure   Level  Hunger
a - Flame Tongue          Conj/Fire      #....        10%         1    N/A
b - Conjure Flame         Conj/Fire      #.......     24%         3    N/A

Dungeon Overview and Level Annotations

Branches:
Dungeon (3/15)

Altars:
Nemelex Xobeh


Innate Abilities, Weirdness & Mutations

You do not eat or drink.
Your flesh is vulnerable to fire.
You are immune to poison.
Your flesh is cold resistant. (rC+)
You are immune to negative energy. (rN+++)
You are immune to unholy pain and torment.
You can survive without breathing.


Message History

The bullfrog swells and bulges.
The bullfrog misses you.
Casting: Flame Tongue
Confirm with . or Enter, or press ? or * to list all spells.
Aiming: Flame Tongue
Press: ? - help, Shift-Dir - straight line, f/p - bullfrog
Aim: a bullfrog (severely wounded)
The flame tongue misses the bullfrog.
The bullfrog swells and bulges.
The bullfrog hits you. The bullfrog misses you. The bullfrog hits you.
* * * LOW HITPOINT WARNING * * *
You climb upwards.
There is a stone staircase leading down here.
The bullfrog barely misses you. The bullfrog hits you.
* * * LOW HITPOINT WARNING * * *
The bullfrog barely misses you. The bullfrog hits you!
You die...

#########.....)........
#.............##.####..
#.#######.....##.# #..
#.# ###^####.# #.. #.#
#.# #.# ##. #.#
#.####.#####. #.#
#[...........
#.##########.##########
#.....@F....># #
#..####################
#........)...........##
#.##################<##
#.# #.........# #.#
#######.######..# #.#
#.......# #..# #.#
#.####### #..#
#.#####.# ######..#


You could see a bullfrog.

Vanquished Creatures
  Jessica (D:2)
  An adder (D:2)
  3 oozes
  2 worms (D:2)
  3 dart slugs (D:1)
  2 leopard geckos (D:1)
  11 bats
  3 goblins
  4 hobgoblins (D:1)
  4 jackals (D:2)
  6 kobolds
  A quokka (D:2)
  A ball python (D:2)
  2 frilled lizards
  3 rats
47 creatures vanquished.

Notes
Turn   | Place    | Note
-------+----------+-------------------------------------------
     0 | D:1      | Kriby the Mummy Fire Elementalist began the quest for the Orb.
     0 | D:1      | Reached XP level 1. HP: 13/13 MP: 4/4
   172 | D:1      | Reached skill level 3 in Spellcasting
   363 | D:1      | Reached XP level 2. HP: 13/19 MP: 2/6
   658 | D:1      | Reached skill level 4 in Spellcasting
   920 | D:1      | Reached XP level 3. HP: 24/24 MP: 4/8
  1699 | D:2      | Reached skill level 5 in Spellcasting
  2026 | D:2      | Learned a level 3 spell: Conjure Flame
  2060 | D:2      | Found a sparkling altar of Nemelex Xobeh.
  2075 | D:2      | Noticed Jessica
  2082 | D:2      | Killed Jessica
  2082 | D:2      | Reached XP level 4. HP: 30/30 MP: 6/11
  2351 | D:2      | Reached skill level 6 in Spellcasting
  2516 | D:3      | Noticed a bullfrog
  2529 | D:2      | Slain by a bullfrog

Vault maps used:
D:1:      dpeg_arrival_rooms_b
D:2:      nemelex_xobeh_ov_fountains_minmay, uniq_jessica

Skill      XL: |  1  2  3  4 |
---------------+-------------+-----
Spellcasting   | 3 4 5 6 |  6.0
Dodging        | |  1.5
Stealth        | |  1.5
Conjurations   | |  0.7
Fire Magic     | |  2.4

Action                   |  1- 3 |  4- 6 || total
-------------------------+-------+-------++-------
Melee: Unarmed           |     4 |       ||     4
       Dagger            |    11 |       ||    11
 Cast: Flame Tongue      |    85 |    17 ||   102
Armor: Robe              |    16 |       ||    16
Dodge: Dodged            |    57 |     8 ||    65
